 Dungeon Crawl Stone Soup version bcrawl-1.13 (webtiles) character file.

Game seed: 14197180482044403027

41 Camlann the Sneak (level 3, -3/31 HPs)
             Began as a Demonspawn Archaeologist on July 27, 2019.
             Killed from afar by a kobold (34 damage)
             ... with an exploding inner flame
             ... hexed by the player character
             ... on level 2 of the Dungeon.
             The game lasted 00:02:58 (1281 turns).

Camlann the Sneak (Demonspawn Archaeologist)        Turns: 1281, Time: 00:02:58

Health: -3/31      AC:  7    Str: 10 (12) XL:     3   Next: 32%
Magic:  3/3        EV: 12    Int: 14 (16) God:
Gold:   76         SH:  0    Dex: 10 (11) Spells: 2/2 levels left

rFire    . . .     SeeInvis .   a - +0 whip
rCold    . . .     Gourm    .   (no shield)
rNeg     . . .     Faith    .   b - +2 robe
rPois    .         Spirit   .   c - +1 hat
rElec    .         Reflect  .   (no cloak)
rCorr    .         Harm     .   (no gloves)
MR       .....                  d - +1 pair of boots
Stlth    ++........             (no amulet)
HPRegen  0.10/turn              l - +3 ring of intelligence
MPRegen  0.08/turn              (no ring)

@: studying Polearms
A: dopey 1, sense surroundings 1, powered by death 1, robust 1, screaming 1
a: no special abilities


You were on level 2 of the Dungeon.
You were not hungry.

You visited 1 branch of the dungeon, and saw 2 of its levels.

You collected 76 gold pieces.

Inventory:

Hand Weapons
 a - a +0 whip (weapon)
Armour
 b - a +2 robe (worn)
 c - a +1 hat (worn)
 d - a +1 pair of boots (worn)
Jewellery
 l - a +3 ring of intelligence (left hand)
Scrolls
 h - a scroll of teleportation {unknown}
 i - a scroll of identify {unknown}
 n - 2 scrolls of fog {unknown}
Potions
 j - a potion of ambrosia
 k - a potion of heal wounds
Books
 e - a manual of Polearms
Miscellaneous
 f - an ancient crate
Comestibles
 g - a ration {!d}


   Skills:
 - Level 3.0 Fighting
 - Level 0.8 Maces & Flails
 + Level 1.5 Polearms
 - Level 2.6 Dodging
 - Level 3.0 Stealth


You had 2 spell levels left.
You didn't know any spells.
Your spell library was empty.

Dungeon Overview and Level Annotations

Branches:
Dungeon (2/12)

Altars:
Kikubaaqudgha


Innate Abilities, Weirdness & Mutations

You regenerate a little health from kills.
You are dopey. (Int -2)
You passively map a small area around you.
You are robust. (+10% HP)
You occasionally shout uncontrollably at your foes.


Message History

No target in view!
n - 2 scrolls labeled JIWKI QUAMUKH (gained 1)
Found a stone staircase leading up.
There is a stone staircase leading up here.
Found a stone staircase leading down.
No target in view!
There is a stone staircase leading up here.
You now have 76 gold pieces (gained 16).
m - a scroll labeled NUTWIDDUAL No target in view!
A kobold comes into view. It is wielding a +0 dagger.
As you read the scroll labeled NUTWIDDUAL, it crumbles to dust.
The creatures around you are filled with an inner flame!
It was a scroll of immolation.
The kobold shouts!
You hit the kobold.
The kobold explodes!
The fiery explosion engulfs you!
Ouch! That really hurt!
You die...

* * * * #
*# * #. ,.,
, ** #.*
*.# ,
####.# #.#*
, .....*#.#
# * **
#§§#.#**.##
#§.@## ##.#
#.##.###..#
# ##.#.#.#
* *
*##.##.# *
, #.##.# *
* * #.##.#
, ** ,
#.##.# * ,
, ,,, ,
#.##.#
#.##.#


There were no monsters in sight!

Vanquished Creatures
  An ooze (D:2)
  2 dart slugs
  4 leopard geckos (D:1)
  4 goblins (D:1)
  A hobgoblin (D:1)
  4 jackals (D:1)
  A bat (D:1)
  2 frilled lizards (D:1)
  7 kobolds (D:1)
  3 rats (D:1)
29 creatures vanquished.

Notes
Turn   | Place    | Note
-------+----------+-------------------------------------------
     0 | D:1      | Camlann the Demonspawn Archaeologist began the quest for
                  | the Orb.
     0 | D:1      | Reached XP level 1. HP: 15/15 MP: 1/1
    80 | D:1      | Gained mutation: Armour fits poorly on your strangely
                  | shaped body. [potion of mutation]
    80 | D:1      | Gained mutation: You occasionally shout uncontrollably at
                  | your foes. [potion of mutation]
    80 | D:1      | Gained mutation: You are robust. (+10% HP) [potion of
                  | mutation]
    80 | D:1      | Gained mutation: You have a pair of small horns on your
                  | head. [potion of mutation]
   171 | D:1      | Gained mutation: You regenerate a little health from kills.
                  | [demonic ancestry]
   171 | D:1      | Reached XP level 2. HP: 19/24 MP: 2/2
   427 | D:1      | Lost mutation: You have a pair of small horns on your head.
                  | [potion of mutation]
   427 | D:1      | Lost mutation: You are robust. (+10% HP) [potion of
                  | mutation]
   427 | D:1      | Lost mutation: Armour fits poorly on your strangely shaped
                  | body. [potion of mutation]
   427 | D:1      | Gained mutation: You are dopey. (Int -2) [potion of
                  | mutation]
   427 | D:1      | Gained mutation: You are robust. (+10% HP) [potion of
                  | mutation]
   427 | D:1      | Gained mutation: You passively map a small area around you.
                  | [potion of mutation]
   937 | D:1      | Reached XP level 3. HP: 31/31 MP: 3/3
  1083 | D:2      | Found an ancient bone altar of Kikubaaqudgha.
  1108 | D:2      | Reached skill level 1 in Polearms
  1281 | D:2      | Killed from afar by a kobold

Skill      XL: |  1  2  3 |
---------------+----------+-----
Fighting       | 2 3 |  3.0
Polearms       | 1 |  1.5
Maces & Flails | |  0.8
Dodging        | |  2.6
Stealth        | |  3.0

Action                   || total
-------------------------++-------
Melee: Whip              ||   129
       Headbutt          ||     4
  Use: Potion            ||     8
       Scroll            ||     2
 Stab: Sleeping          ||     2
  Eat: Chunk             ||     1
Armor: Robe              ||    44
Dodge: Dodged            ||   102
